 Dungeon Crawl Stone Soup version 0.29-a0-284-gf9362112df (webtiles) character file.

Game seed: 3321605432560619515

41351 zazu2006 the Reanimator (level 13, -6/105 HPs)
             Began as a Deep Dwarf Necromancer on Mar 26, 2022.
             Was an Elder of Vehumet.
             Mangled by a two-headed ogre
             ... wielding a +0 giant spiked club
              (19 damage)
             ... on level 2 of the Orcish Mines on Mar 27, 2022.
             The game lasted 01:15:05 (22550 turns).

zazu2006 the Reanimator (Deep Dwarf Necromancer)   Turns: 22550, Time: 01:15:06

Health: -6/105     AC: 16    Str: 18    XL:     13   Next: 79%
Magic:  26/37 (28) EV: 13    Int: 21    God:    Vehumet [****..]
Gold:   1134       SH:  5    Dex: 13    Spells: 15/34 levels left

rFire   + . .      SeeInvis .   j - staff of earth
rCold   . . .      Faith    .   C - +0 buckler
rNeg    + . .      Spirit   .   v - +4 ring mail of the Foremost Teeth {rElec rF+ Regen+}
rPois   .          Reflect  .   H - +2 hat
rElec   +          Harm     .   L - +1 cloak
rCorr   .          Rampage  .   (no gloves)
Will    ++...                   X - +0 pair of boots
Stlth   ++........              (no amulet)
HPRegen 0.00/turn               E - ring of magical power
MPRegen 0.25/turn               s - ring "Miaqeavi" {Contam Fly rN+ Will+ Str+6}

@: flying
A: damage resistance, heal wounds, sense surroundings 2, no regeneration
a: Heal Wounds, Renounce Religion


You were on level 2 of the Orcish Mines.
You worshipped Vehumet.
Vehumet was greatly pleased with you.
You visited 4 branches of the dungeon, and saw 17 of its levels.
You also visited: Bailey and Volcano.

You collected 1274 gold pieces.
You spent 140 gold pieces at shops.

Inventory:

Hand Weapons
 p - a +1 dagger of venom
 y - a +2 dagger of electrocution
 D - the +3 dagger "Wautt" {vorpal, Fragile Will+ Int+4 Dex+2}
   (You bought it in a shop on level 5 of the Dungeon)

   It inflicts extra damage upon your enemies.
   Int:       It affects your intelligence (+4).
   Dex:       It affects your dexterity (+2).
   Fragile:   It will be destroyed if unequipped.
   Will:      It increases your willpower.
 F - the +3 dagger of Oqaduw {elec, rPois}
   (You found it on level 2 of the Lair of Beasts)

   It occasionally discharges a powerful burst of electricity upon striking a
   foe.
   rPois:     It protects you from poison.
 K - a +2 long sword of protection
Missiles
 f - 7 curare-tipped darts
 g - 816 stones
 T - 2 throwing nets
Armour
 a - the +2 fire dragon scales of Absence {rPois rF++ rC- Str+5}
   (You found it in a volcano)

   Str:       It affects your strength (+5).
   rF:        It greatly protects you from fire.
   rC:        It makes you vulnerable to cold.
   rPois:     It protects you from poison.
 v - the +4 ring mail of the Foremost Teeth (worn) {rElec rF+ Regen+}
   (You found it on level 3 of the Dungeon)

   rF:        It protects you from fire.
   rElec:     It insulates you from electricity.
   Regen:     It increases your rate of health regeneration.
 C - a +0 buckler (worn)
 H - a +2 hat (worn)
 L - a +1 cloak (worn)
 S - +0 acid dragon scales
 X - a +0 pair of boots (worn)
Magical Staves
 j - a staff of earth (weapon)
 Q - a staff of death
Jewellery
 d - a ring of flight
 m - a +6 ring of strength
 q - a +4 ring of protection
 s - the ring "Miaqeavi" (right hand) {Contam Fly rN+ Will+ Str+6}
   (You found it on level 2 of the Dungeon)

   [ring of strength]

   Str:       It affects your strength (+6).
   rN:        It protects you from negative energy.
   Fly:       It grants you flight.
   Contam:    It causes magical contamination when unequipped.
   Will:      It increases your willpower.
 A - a ring of ice
 E - a ring of magical power (left hand)
 N - a ring of positive energy
Wands
 M - a wand of iceblast (7)
 O - a wand of flame (19)
 W - a wand of acid (6)
Scrolls
 b - 2 scrolls of enchant armour {unknown}
 c - 6 scrolls of teleportation
 h - a scroll of enchant weapon
 i - 2 scrolls of fear {unknown}
 n - a scroll of fog
 o - a scroll of blinking
 t - 2 scrolls of noise
 w - a scroll of torment
 x - 2 scrolls of vulnerability {unknown}
 J - a scroll of immolation {unknown}
 R - 2 scrolls of magic mapping
 Y - a scroll of amnesia {unknown}
Potions
 e - 2 potions of magic
 k - a potion of lignification
 l - 6 potions of curing
 r - a potion of might {unknown}
 u - 2 potions of invisibility
 z - 6 potions of ambrosia
 B - 3 potions of cancellation
 G - a potion of degeneration {unknown}
 I - a potion of haste
 P - 2 potions of flight
 U - 2 potions of brilliance {unknown}
 Z - 2 potions of attraction


   Skills:
 + Level 4.0 Fighting
 + Level 1.9 Long Blades
 + Level 0.7 Staves
 + Level 7.1 Armour
 + Level 7.0 Dodging
 + Level 5.8 Stealth
 + Level 6.1 Shields
 + Level 11.2 Spellcasting
 + Level 0.2 Conjurations
 + Level 14.3 Necromancy
 * Level 13.2 Earth Magic
 + Level 2.7 Evocations


You had 15 spell levels left.
You knew the following spells:

 Your Spells              Type           Power      Damage    Failure   Level
a - Pain                  Necr           100%       1d9       1%          1
b - Vampiric Draining     Necr           64%        2d10      1%          3
c - Iron Shot             Conj/Erth      28%        9d6       28%         6
d - Flame Wave            Conj/Fire      12%        2d6       28%         4
e - Agony                 Necr           64%        N/A       1%          5

Your spell library contained the following spells:

 Spells                   Type           Power      Damage    Failure   Level
 Olgreb's Toxic Radiance  Pois           11%        N/A       30%         4
 Animate Skeleton         Necr           100%       N/A       1%          1
 Animate Dead             Necr           32%        N/A       1%          4
 Freeze                   Ice            44%        1d6       3%          1
 Static Discharge         Conj/Air       12%        N/A       5%          2
 Petrify                  Tmut/Erth      56%        N/A       8%          4
 Frozen Ramparts          Ice            22%        1d4       11%         3
 Hailstorm                Conj/Ice       12%        3d5       28%         4
 Gell's Gravitas          Tloc           11%        N/A       36%         3
 Lesser Beckoning         Tloc           11%        N/A       36%         3
 Teleport Other           Tloc           11%        N/A       36%         3
 Iskenderun's Battlesphe  Conj           12%        2d7       58%         5
 Lightning Bolt           Conj/Air       6%         1d18      58%         5
 Statue Form              Tmut/Erth      37%        N/A       77%         6
 Borgnjor's Revivificati  Necr           32%        N/A       92%         8
 Metabolic Englaciation   Hex/Ice        5%         N/A       98%         5
 Dispersal                Tloc           5%         N/A       100%        6
 Spellforged Servitor     Conj/Summ      6%         N/A       100%        7
 Maxwell's Capacitive Co  Air            5%         ∞         100%        8
 Necromutation            Tmut/Necr      20%        N/A       100%        8
 Death's Door             Necr           32%        N/A       100%        9


Dungeon Overview and Level Annotations

Branches:
Dungeon (12/15)            Temple (1/1) D:6            Lair (2/6) D:9
    Orc (2/2) D:10            Elf (0/3) Orc:2        Bailey (visited)
Volcano (visited)
  Swamp: Lair:2-4    Shoals: Lair:2-4     Snake: Lair:2-4    Spider: Lair:2-4

Altars:
Ashenzari
Cheibriados
Dithmenos
Elyvilon
Fedhas
Gozag
Hepliaklqana
Kikubaaqudgha
Makhleb
Nemelex Xobeh
Okawaru
Qazlal
Ru
Sif Muna
Trog
Uskayaw
Vehumet
Wu Jian
Xom
Yredelemnul
Zin
The Shining One

Shops:
D:5 *   D:12 =   Orc:1 (([

Portals:
Trove: D:12 (give horn of Geryon)

Annotations:
D:12 2 transporters, sammy202020's ghost, journeyman MiBe
Lair:1 2 transporters


Innate Abilities, Weirdness & Mutations

You are resistant to damage.
You can heal yourself by infusing magical energy.
You passively map the area around you.
You do not regenerate.


Message History

Aiming: Vampiric Draining (safe; 1% risk of failure)
Press: ? - help, Shift-Dir - straight line, f - two-headed ogre
Aim: a two-headed ogre, wielding a +0 giant spiked club and a +0 giant club You draw life force from the two-headed ogre!
You feel life coursing into your body.
The two-headed ogre hits you with a +0 giant spiked club!
* * * LOW HITPOINT WARNING * * *
You block the two-headed ogre's attack.
Casting: Vampiric Draining (safe; 1% risk of failure)
Confirm with . or Enter, or press ? or * to list all spells.
Aiming: Vampiric Draining (safe; 1% risk of failure)
Press: ? - help, Shift-Dir - straight line, f/p - two-headed ogre
Aim: a two-headed ogre, wielding a +0 giant spiked club and a +0 giant club (lightly wounded)
You draw life force from the two-headed ogre!
You feel life coursing into your body.
Unknown command.
Unknown command.
Casting: Vampiric Draining (safe; 1% risk of failure)
Confirm with . or Enter, or press ? or * to list all spells.
Aiming: Vampiric Draining (safe; 1% risk of failure)
Press: ? - help, Shift-Dir - straight line, f/p - two-headed ogre
Aim: a two-headed ogre, wielding a +0 giant spiked club and a +0 giant club (moderately wounded)
You draw life force from the two-headed ogre!
You feel life coursing into your body.
The two-headed ogre hits you with a +0 giant spiked club!
* * * LOW HITPOINT WARNING * * *
The two-headed ogre barely misses you. The ogre misses you.
Unknown command.
Unknown command.
Casting: Vampiric Draining (safe; 1% risk of failure)
Confirm with . or Enter, or press ? or * to list all spells.
Aiming: Vampiric Draining (safe; 1% risk of failure)
Press: ? - help, Shift-Dir - straight line, f/p - two-headed ogre
Aim: a two-headed ogre, wielding a +0 giant spiked club and a +0 giant club (heavily wounded)
You draw life force from the two-headed ogre!
You feel life coursing into your body.
The ogre hits you with a +0 giant spiked club!
* * * LOW HITPOINT WARNING * * *
The two-headed ogre hits you with a +0 giant spiked club!!
You die...

.....................#.......#...
.............................#...
................................,
......................[)........,
..##..................<......###,
..............................###
.....................#..........#
#.........).....O................
............)...@O...............
.................................
.................................
..............................##.
##.#.#..#.#.##...#.##.#####..##**
*###################### ####


You could see a two-headed ogre and an ogre.

Vanquished Creatures
  Jorgrun (D:12)
  Josephine (D:11)
  A boulder beetle (D:11)
  A hydra (D:12)
  2 vault guards (Bailey)
  4 death yaks (Lair:2)
  5 two-headed ogres
  A sun demon (Volcano)
  A bog body (Lair:2)
  Pikel (D:4)
  A deep elf pyromancer (D:12)
  An orc knight (D:10)
  A manticore (D:12)
  2 cyclopes (D:12)
  2 orc sorcerers
  3 ugly things
  3 elephants (Lair:1)
  A gargoyle (D:11)
  An unseen horror (D:11)
  6 cane toads
  Psyche (D:12)
  3 komodo dragons
  3 kobold demonologists (D:12)
  2 rime drakes (Lair:1)
  A queen bee (D:9)
  5 trolls
  A blink frog (Bailey)
  Prince Ribbit (D:5)
  6 wraiths
  2 wyverns
  8 humans (Bailey)
  39 yaks
  9 fire bats (Volcano)
  A basilisk (D:11)
  Eustachio (D:5)
  4 vampire mosquitoes (D:12)
  2 steam dragons
  3 wargs
  11 water moccasins
  A hell hound (Volcano)
  2 acid dragons
  14 orc warriors
  2 sky beasts
  5 ogres
  2 black bears
  3 wolves (D:9)
  2 lemures (D:4)
  3 kobold brigands
  3 gnoll sergeants
  14 bullfrogs
  A necrophage (D:6)
  A wight (D:7)
  29 killer bees (D:9)
  2 electric eels (D:9)
  6 howler monkeys
  8 lava snakes (Volcano)
  2 jellies
  9 orc priests
  6 hounds
  A gnoll shaman (D:7)
  4 iguanas
  24 orc wizards
  23 gnolls
  13 adders
  3 white imps
  3 worms
  4 dart slugs
  51 orcs
  10 ball pythons
  5 bats
  5 endoplasms
  4 giant cockroaches
  9 goblins
  16 hobgoblins
  5 jackals
  5 quokkas
  3 frilled lizards
  65 kobolds
  6 rats
516 creatures vanquished.

Vanquished Creatures (others)
  An orc (D:8)
  A bush (Lair:2)
  4 fungi
  8 plants
14 creatures vanquished.

Grand Total: 530 creatures vanquished

Notes
Turn   | Place    | Note
-------+----------+-------------------------------------------
     0 | D:1      | zazu2006 the Deep Dwarf Necromancer began the quest for the
                  | Orb.
     0 | D:1      | Reached XP level 1. HP: 15/15 MP: 3/3
   258 | D:1      | Reached XP level 2. HP: 16/22 MP: 2/4
   456 | D:1      | Reached skill level 5 in Necromancy
   924 | D:1      | Reached XP level 3. HP: 16/28 MP: 1/6
   928 | D:1      | Learned a level 3 spell: Vampiric Draining
  2007 | D:2      | Reached XP level 4. HP: 36/36 MP: 5/7
  2074 | D:2      | Identified the ring "Miaqeavi" {Contam Fly rN+ Will+ Str+6}
  2695 | D:3      | Identified the +4 ring mail of the Foremost Teeth {rElec
                  | rF+ Regen+}
  3273 | D:3      | Reached XP level 5. HP: 42/43 MP: 7/9
  3449 | D:3      | Reached skill level 6 in Necromancy
  3538 | D:3      | Found a faded altar of an unknown god.
  3765 | D:3      | Found an iron altar of Okawaru.
  4470 | D:3      | Reached XP level 6. HP: 48/50 MP: 1/11
  4701 | D:4      | Learned a level 6 spell: Iron Shot
  5045 | D:4      | Found a hide-covered altar of Uskayaw.
  5055 | D:4      | Reached skill level 1 in Armour
  5055 | D:4      | Reached skill level 1 in Earth Magic
  5198 | D:4      | Noticed Pikel
  5222 | D:4      | Killed Pikel
  5223 | D:4      | Reached skill level 1 in Fighting
  5223 | D:4      | Reached skill level 7 in Necromancy
  5223 | D:4      | Reached XP level 7. HP: 57/57 MP: 1/14
  5502 | D:4      | Found a snail-covered altar of Cheibriados.
  5652 | D:5      | Entered Level 5 of the Dungeon
  5656 | D:5      | Noticed Prince Ribbit
  5672 | D:5      | Noticed Eustachio
  5716 | D:5      | Found Yhaxav's Assorted Antiques.
  5772 | D:5      | Killed Prince Ribbit
  5773 | D:5      | Reached skill level 1 in Shields
  5773 | D:5      | Reached skill level 5 in Spellcasting
  5773 | D:5      | Reached XP level 8. HP: 61/64 MP: 8/15
  5825 | D:5      | Bought a brightly glowing dagger for 140 gold pieces
  5825 | D:5      | Identified the +3 dagger "Wautt" {vorpal, Fragile Will+
                  | Int+4 Dex+2} (You bought it in a shop on level 5 of the
                  | Dungeon)
  6079 | D:5      | Killed Eustachio
  6749 | D:6      | Reached skill level 5 in Earth Magic
  7019 | D:6      | Found a staircase to the Ecumenical Temple.
  7034 | Temple   | Entered the Ecumenical Temple
  7193 | D:6      | Found a broken altar of Ashenzari.
  7375 | D:6      | Gained mutation: You passively map the area around you.
                  | [Deep Dwarf growth]
  7375 | D:6      | Reached XP level 9. HP: 69/73 MP: 2/17
  7758 | D:6      | Reached skill level 8 in Necromancy
  7806 | D:6      | Found a radiant altar of Vehumet.
  8495 | D:6      | Found an opulent altar of Gozag.
  8495 | D:6      | Found a hazy altar of Hepliaklqana.
  8507 | D:6      | Became a worshipper of Vehumet
  8828 | D:8      | Reached skill level 1 in Evocations
  8978 | D:8      | Found a flagged portal.
  8988 | Bailey   | Entered a bailey
  9145 | Bailey   | Reached skill level 9 in Necromancy
  9298 | Bailey   | Reached XP level 10. HP: 33/80 MP: 16/20
  9329 | Bailey   | Reached * piety under Vehumet
  9329 | Bailey   | Offered knowledge of Foxfire by Vehumet.
  9471 | Bailey   | Noticed a vault guard
  9710 | Bailey   | Noticed a vault guard
  9726 | Bailey   | Killed a vault guard
  9727 | Bailey   | Reached skill level 5 in Armour
  9855 | Bailey   | Killed a vault guard
 10011 | D:8      | Reached skill level 10 in Necromancy
 10971 | D:9      | Noticed a two-headed ogre
 10981 | D:9      | Killed a two-headed ogre
 11252 | D:9      | Reached XP level 11. HP: 67/88 MP: 3/23
 11501 | D:9      | Found a staircase to the Lair.
 11646 | D:9      | Reached ** piety under Vehumet
 11647 | D:9      | Reached skill level 5 in Dodging
 11656 | D:9      | Offered knowledge of Poisonous Vapours by Vehumet.
 12100 | D:10     | Entered Level 10 of the Dungeon
 12177 | D:10     | Offered knowledge of Ignite Poison by Vehumet.
 12178 | D:10     | Reached skill level 5 in Shields
 12338 | D:10     | Reached skill level 1 in Long Blades
 12526 | D:10     | Reached *** piety under Vehumet
 12798 | D:10     | Found a white marble altar of Elyvilon.
 12876 | D:10     | Reached skill level 11 in Necromancy
 12954 | D:10     | Offered knowledge of Inner Flame by Vehumet.
 13551 | D:10     | Found a staircase to the Orcish Mines.
 13864 | D:11     | Reached skill level 10 in Earth Magic
 14162 | D:11     | Noticed Josephine
 14177 | D:11     | Killed Josephine
 14178 | D:11     | Reached skill level 5 in Stealth
 14223 | D:11     | Noticed a boulder beetle
 14242 | D:11     | Killed a boulder beetle
 14440 | D:11     | Found a glowing silver altar of Zin.
 14808 | D:12     | Noticed Psyche
 14816 | D:12     | Killed Psyche
 14816 | D:12     | Noticed a deep elf pyromancer
 14886 | D:12     | Killed a deep elf pyromancer
 14887 | D:12     | Reached XP level 12. HP: 81/97 MP: 24/24
 15176 | D:12     | Reached **** piety under Vehumet
 15339 | D:12     | Noticed a four-headed hydra
 15354 | D:12     | Killed a four-headed hydra
 15363 | D:12     | Offered knowledge of Flame Wave by Vehumet.
 15508 | D:12     | Found Pukkimi's One-of-a-Kind Rings.
 15637 | D:12     | Learned a level 4 spell: Flame Wave
 15643 | D:12     | Learned a level 5 spell: Agony
 15678 | D:12     | Reached skill level 12 in Necromancy
 15753 | D:12     | Noticed Jorgrun
 15779 | D:12     | Killed Jorgrun
 16126 | D:12     | Found a portal to a secret trove of treasure.
 16238 | D:12     | Found a bloodstained altar of Trog.
 16240 | D:12     | Noticed sammy202020's ghost (journeyman MiBe)
 16241 | D:12     | Noticed a two-headed ogre
 16245 | D:12     | Found a transporter.
 16248 | D:12     | Found a transporter.
 16306 | D:12     | Noticed a tengu warrior
 16467 | Orc:1    | Entered Level 1 of the Orcish Mines
 17111 | Orc:1    | Found Coxulea's Weapon Emporium.
 17116 | Orc:1    | Found Plog's Armour Shop.
 17184 | Orc:1    | Found Fosabon's Antique Weapon Boutique.
 17228 | Orc:2    | Entered Level 2 of the Orcish Mines
 17265 | Orc:2    | Found a dark tunnel.
 17271 | Volcano  | Entered a volcano
 17594 | Volcano  | Reached skill level 10 in Spellcasting
 17775 | Volcano  | Found a bloodstained altar of Trog.
 17930 | Volcano  | Identified the +2 fire dragon scales of Absence {rPois rF++
                  | rC- Str+5}
 17984 | Orc:2    | Reached ***** piety under Vehumet
 17997 | Orc:2    | Reached XP level 13. HP: 76/105 MP: 11/27
 18152 | Orc:2    | Found a staircase to the Elven Halls.
 18332 | Orc:2    | Reached skill level 13 in Necromancy
 18487 | Orc:2    | Offered knowledge of Olgreb's Toxic Radiance by Vehumet.
 18714 | Lair:1   | Entered Level 1 of the Lair of Beasts
 18749 | Lair:1   | Found a transporter.
 19291 | Lair:1   | Found a transporter.
 20486 | Lair:2   | Identified the +3 dagger of Oqaduw {elec, rPois}
 21033 | Lair:1   | Reached skill level 14 in Necromancy
 22383 | Lair:2   | HP: 5/105 [bog body (16)]
 22550 | Orc:2    | Mangled by a two-headed ogre

Illustrated notes

Levels and vault maps discovered:
D:1:      dpeg_arrival_leaves_temple_mockup, layout_basic
D:2:      minmay_evil_eye, layout_basic
D:3:      minmay_goblin_kobold_castle, layout_loops_cross,
          lemuel_coloured_pillars_altar, ebering_ecumenical_altar_abandoned,
          minmay_checkerbox
D:4:      layout_basic, eat_drink_and_be_merry_uskayaw, slow_altar_1, uniq_pikel
D:5:      layout_basic, serial_shops, nicolae_shop_overgrown_old_shop,
          uniq_prince_ribbit1, uniq_eustachio
D:6:      layout_basic, nicolae_overflow_hidden_temple,
          cheibrodos_ashenzari_chains, minmay_temple_entry_mini_moons
D:7:      layout_rooms
D:8:      layout_basic, enter_bailey_8, serial_rivers,
          chequers_serial_rivers_small_b, chequers_serial_rivers_micro_d,
          chequers_serial_rivers_room_b, chequers_serial_rivers_large_a,
          chequers_serial_rivers_small_3, chequers_serial_rivers_micro_c
D:9:      layout_roguey, erik_lair_island, special_room [special_room_bee]
D:10:     layout_long_grid, elyvilon_altar_4, david_orc_4
D:11:     layout_stronghold, zin_statuary, uniq_josephine
D:12:     layout_basic, gammafunk_ghost_wrathful_warriors, enter_trove_1,
          nicolae_shop_unique_rings, uniq_psyche, uniq_jorgrun
Temple:   nicolae_temple_great_sept
Lair:1:   gammafunk_cloud_chamber, layout_loops_ring,
          chequers_serial_rivers_micro_a, lemuel_fruit_fields
Lair:2:   layout_gridlike, nicolae_swamp_entry_splash_gauntlet,
          infiniplex_staircase_pool
Orc:1:    layout_caves, serial_shops,
          nicolae_shop_temple_entry_statues_fountains, nicolae_shop_trees,
          nicolae_shop_bloodbath_and_beyond, shop
Orc:2:    st_orc_ogre_mass, layout_caves, enter_volcano_1

Skill      XL: |  1  2  3  4  5  6  7  8  9 10 11 12 13 |
---------------+----------------------------------------+-----
Spellcasting   | 2 3 4 5 6 8 10 11 | 11.2
Necromancy     | 5 6 7 9 10 11 12 14 | 14.3
Armour         | 2 3 4 5 6 7 |  7.1
Earth Magic    | 3 5 7 8 10 12 13 | 13.2
Fighting       | 1 2 3 4 |  4.0
Shields        | 1 3 4 5 6 |  6.1
Dodging        | 3 4 6 7 |  7.0
Stealth        | 3 4 5 |  5.8
Evocations     | 1 2 |  2.7
Long Blades    | 1 |  1.9
Staves         | |  0.7
Conjurations   | |  0.2

Action                   |  1- 3 |  4- 6 |  7- 9 | 10-12 | 13-15 || total
-------------------------+-------+-------+-------+-------+-------++-------
Melee: Unarmed           |     8 |       |       |       |       ||     8
       Dagger            |     9 |   196 |   343 |   721 |   155 ||  1424
       Punch             |       |     2 |       |       |       ||     2
       Long sword        |       |       |       |   116 |       ||   116
       Staff             |       |       |       |       |    65 ||    65
 Cast: Pain              |    58 |    88 |    29 |    19 |    23 ||   217
       Vampiric Draining |     7 |    30 |    79 |   328 |   214 ||   658
       Iron Shot         |       |       |       |     2 |     4 ||     6
       Flame Wave        |       |       |       |     1 |       ||     1
Evoke: Wand              |       |       |    11 |    31 |     4 ||    46
  Use: Scroll            |       |       |     7 |    10 |     4 ||    21
       Potion            |       |       |       |    10 |     1 ||    11
 Stab: Sleeping          |     2 |       |     2 |     6 |     3 ||    13
       Paralysed         |       |       |    15 |    14 |       ||    29
Armor: Robe              |     3 |     6 |       |       |       ||     9
       Ring mail         |       |    95 |   214 |   560 |   155 ||  1024
       Skin              |       |       |       |    14 |       ||    14
Dodge: Dodged            |    23 |   137 |   247 |   709 |   216 ||  1332
Block: Buckler           |       |       |    45 |   306 |   127 ||   478

Table legend: (Time is in decaauts)
 A = Elapsed time spent in this place.
 B = Non-inter-level travel time spent in this place.
 C = Inter-level travel time spent in this place.
 D = Time resting spent in this place.
 E = Time spent auto-exploring this place.
 F = Levels seen in this place.
 G = Mean time per level.
                   A        B        C        D        E       F      G
               +--------+--------+--------+--------+--------+-----+--------+
         Total |  22731 |  22068 |    663 |   2833 |  12606 |  19 | 1196.4 |
       Dungeon |  16250 |  15672 |    578 |   1369 |  10400 |  12 | 1354.2 |
        Temple |    119 |    106 |     13 |      0 |     95 |   1 |  119.0 |
          Lair |   3780 |   3714 |     66 |    655 |   1622 |   2 | 1890.0 |
  Orcish Mines |   1007 |   1002 |      5 |    162 |    355 |   2 |  503.5 |
        Bailey |    921 |    921 |      0 |    433 |     79 |   1 |  921.0 |
       Volcano |    652 |    652 |      0 |    213 |     55 |   1 |  652.0 |
               +--------+--------+--------+--------+--------+-----+--------+

Top non-repeatable levels by time:
    D:10: 2400 daAuts
  Lair:1: 2043 daAuts
     D:3: 1941 daAuts
  Lair:2: 1736 daAuts
    D:12: 1640 daAuts
     D:2: 1340 daAuts
     D:1: 1333 daAuts
     D:8: 1235 daAuts
     D:6: 1201 daAuts
     D:9: 1171 daAuts
    D:11: 1087 daAuts
     D:4: 1069 daAuts
     D:5: 932 daAuts
  Bailey: 921 daAuts
     D:7: 895 daAuts
